 Dungeon Crawl Stone Soup version 0.30.1-4-g462c640d31 (webtiles) character file.

Game seed: 2866758114754723038

86 FishyPogo the Insei (level 4, -5/31 (34) HPs)
             Began as a Demonspawn Transmuter on Sept 16, 2023.
             Slain by a hell rat (10 damage)
             ... in a sewer.
             The game lasted 00:05:13 (1444 turns).

FishyPogo the Insei (Demonspawn Transmuter)         Turns: 1444, Time: 00:05:14

HP:   -5/31 (34)    AC:  3    Str:  8 (10) XL:     4   Next: 26%
MP:   7/7           EV: 12    Int: 14 (16) God:
Gold: 129           SH:  4    Dex: 12 (14) Spells: 3/7 levels left

rFire   . .          .
                       - Unarmed
rCold   . . .        (no shield)
rNeg    . . .        a - +0 robe
rPois   .            (helmet currently unavailable)
rElec   .            (no cloak)
rCorr   .            j - +0 pair of gloves
SInv    .            (boots currently unavailable)
Will    .....        (no amulet)
Stlth   +            (no ring)
HPRegen 0.25/turn    (no ring)
MPRegen 0.10/turn

%: no passive effects
@: appendages (expiring), attractive, drained
A: horns 2, talons 2, large bone plates 1
a: End Transformation


You were in a sewer.
You had temporarily grown beastly horns and talons.
You visited 1 branch of the dungeon, and saw 3 of its levels.
You also visited: Sewer.

You collected 129 gold pieces.

Inventory:

Missiles
 f - 26 stones
 r - 4 boomerangs
Armour
 a - a +0 robe (worn)
 j - a +0 pair of gloves (worn)
Wands
 l - a wand of light (8)
Scrolls
 d - a scroll of enchant armour {unknown}
 g - a scroll of enchant weapon
 h - a scroll of fear {unknown}
 k - a scroll of identify {unknown}
 o - a scroll of teleportation {unknown}
 p - a scroll of vulnerability {unknown}
 q - a scroll of immolation
 s - a scroll of poison {unknown}
Potions
 b - a potion of lignification
 c - a potion of magic {unknown}
 e - a potion of degeneration
 i - 2 potions of curing
 m - a potion of attraction


   Skills:
 * Level 2.6 Fighting
 - Level 2.0 Dodging
 + Level 3.1 Unarmed Combat
 - Level 2.0 Spellcasting
 * Level 2.9 Transmutations


You had 3 spell levels left.
You knew the following spells:

 Your Spells              Type           Power      Damage    Failure   Level
a - Beastly Appendage     Tmut           18%        N/A       7%          1
b - Wereblood             Tmut           9%         N/A       11%         2
c - Magic Dart            Conj           4%         1d3       24%         1

Your spell library contained the following spells:

 Spells                   Type           Power      Damage    Failure   Level
 Searing Ray              Conj           2%         2d4       34%         2
 Spider Form              Tmut/Pois      5%         N/A       36%         3
 Ice Form                 Ice/Tmut       5%         N/A       78%         4
 Fulminant Prism          Conj/Hex       0%         3d5       93%         4


Dungeon Overview and Level Annotations

Branches:
Dungeon (3/15)              Sewer (1/1)

Altars:


Innate Abilities, Weirdness & Mutations

You have temporarily grown beastly horns and talons.
You are partially covered in large bone plates. (SH +4)


Message History

Unknown command.
It was a potion of curing.
You feel better.
The hell rat splashes around in the water.
It was a potion of degeneration.
There was something very wrong with that liquid.
You feel weakened.
You feel dopey.
You feel clumsy. The hell rat closely misses you.
The hell rat splashes around in the water.
It was a potion of attraction.
You feel attractive to monsters. The hell rat closely misses you.
It was a potion of heal wounds.
You feel much better. The hell rat closely misses you.
You barely miss the hell rat. Your headbutt misses the hell rat.
You punch the hell rat.
The hell rat is heavily wounded.
The hell rat splashes around in the water.
You hit the hell rat but do no damage. Your kick misses the hell rat.
Your headbutt misses the hell rat.
The hell rat is heavily wounded.
The hell rat closely misses you.
You hit the hell rat.
You claw the hell rat, but do no damage.
Your headbutt misses the hell rat.
The hell rat is severely wounded.
Your transformation is almost over.
The hell rat closely misses you.
You hit the hell rat. Your kick misses the hell rat.
The hell rat is severely wounded.
The hell rat bites you.
You feel drained. The hell rat bites you!
You hit the hell rat.
You claw the hell rat, but do no damage.
The hell rat is almost dead.
The hell rat bites you!
* * * LOW HITPOINT WARNING * * *
Okay, then.
You completely miss the hell rat. Your punch misses the hell rat.
The hell rat is almost dead.
The hell rat bites you!
You die...

##~..∩.~~###
#..~..∩~.~.~###
#..~.~#####~.~..#
##~.~###!∩!###~~~##
#~~~##.??!??.##.~.#
#~~~#~~~~~~.~~#.~~#
#..~# ~~~~~~.##~~.#
#.~~###~r.###.~~##
#..~†~##@##~.~~.#
#~†..~~~~.~~###
###~~~..~.###
#########


You could see a hell rat.

Vanquished Creatures
  A gnoll (D:1)
  2 adders
  A river rat (Sewer)
  2 worms
  A dart slug (D:1)
  2 bats
  5 endoplasms
  A giant cockroach (D:2)
  5 goblins
  2 hobgoblins
  A quokka (D:2)
  5 ball pythons
  5 frilled lizards
  4 kobolds
  5 rats
42 creatures vanquished.

Notes
Turn   | Place    | Note
-------+----------+-------------------------------------------
     0 | D:1      | FishyPogo the Demonspawn Transmuter began the quest for the
                  | Orb.
     0 | D:1      | Reached XP level 1. HP: 15/15 MP: 3/3
    80 | D:1      | Gained mutation: You are partially covered in large bone
                  | plates. (SH +4) [demonic ancestry]
    80 | D:1      | Reached XP level 2. HP: 10/21 MP: 3/5
   178 | D:1      | Learned a level 2 spell: Wereblood
   540 | D:1      | Reached XP level 3. HP: 23/27 MP: 3/6
   952 | D:2      | Reached skill level 3 in Unarmed Combat
  1246 | D:3      | Reached XP level 4. HP: 34/34 MP: 5/7
  1328 | D:3      | Found a glowing drain.
  1333 | D:3      | Learned a level 1 spell: Magic Dart
  1353 | Sewer    | Entered a sewer
  1444 | Sewer    | Slain by a hell rat

Illustrated notes

Levels and vault maps discovered:
D:1:      psy_arrival_terrarium, layout_basic
D:2:      layout_basic, shapermc_ecumenical_altar_mp_vishouse
D:3:      layout_loops_cross, mainiacjoe_overflow_chevrons,
          cheibrodos_sewer_entry_bend, minmay_misc_feat_secret_circle,
          kennysheep_generic_room_9, uniq_natasha, uniq_grinder
Sewer:    sewer_hellmonk_bad_rat

Skill      XL: |  1  2  3 |
---------------+----------+-----
Transmutations | 2 |  2.9
Dodging        | 2 |  2.0
Fighting       | 2 |  2.6
Unarmed Combat | 3 |  3.1
Spellcasting   | |  2.0

Action                     |  1- 3 |  4- 6 || total
---------------------------+-------+-------++-------
  Melee: Unarmed           |    82 |    30 ||   112
         Headbutt          |    15 |     6 ||    21
         Kick              |    19 |     4 ||    23
         Punch             |     2 |     1 ||     3
   Cast: Beastly Appendage |    22 |     5 ||    27
         Wereblood         |     2 |       ||     2
         Magic Dart        |       |     5 ||     5
    Use: Scroll            |     3 |       ||     3
         Potion            |       |     4 ||     4
   Stab: Sleeping          |     3 |       ||     3
 Armour: Robe              |     3 |     2 ||     5
  Dodge: Dodged            |    49 |    10 ||    59
  Block: Other             |     7 |     2 ||     9
